 Dungeon Crawl Stone Soup version 0.27.1-1-g398f81649c (console) character file.

Game seed: 12025402387386856832

291 thromnambular the Ducker (level 6, 0/61 HPs)
             Began as a Djinni Fire Elementalist on Sept 12, 2021.
             Was a Believer of Hepliaklqana.
             Slain by a wight (3 damage)
             ... on level 5 of the Dungeon.
             The game lasted 00:05:42 (3568 turns).

thromnambular the Ducker (Djinni Fire Elementalist) Turns: 3568, Time: 00:05:42

Health: 0/61       AC: 23    Str:  9    XL:     6   Next: 59%
Gold:   85         EV:  2    Int: 17    God:    Hepliaklqana [**....] SH:  0 Dex: 13

rFire    . . .     SeeInvis .   i - +0 long sword (drain)
rCold    . . .     Faith    .   (no shield)
rNeg     + + +     Spirit   .   (armour currently unavailable)
rPois    ∞         Reflect  .   (helmet currently unavailable)
rElec    .         Harm     .   (cloak currently unavailable)
rCorr    .         Rampage  .   (gloves currently unavailable)
Will     +....     NoTele   +   (boots unavailable)
Stlth    ++........             (no amulet)
HPRegen  0.20/turn              g - ring of willpower
MPRegen  0.00/turn              (no ring)

@: tree-form, very slightly contaminated
A: stationary, stasis, torment immunity, boosted hp, reduced essence, sickness
immunity, (fire resistance 2), (cold vulnerability 1), float, innate caster, hp
casting, extra vitality 1
a: Renounce Religion, Recall Ancestor, Ancestor Identity


You were on level 5 of the Dungeon.
You worshipped Hepliaklqana.
Hepliaklqana was pleased with you.
You were a tree.
You visited 1 branch of the dungeon, and saw 5 of its levels.

You collected 85 gold pieces.

Inventory:

Hand Weapons
 i - a +0 long sword of draining (weapon)
Missiles
 d - 9 poisoned darts
 e - a throwing net
Armour
 a - a +0 robe (melded)
Jewellery
 g - a ring of willpower (left branch)
Scrolls
 b - a scroll of amnesia {unknown}
 f - 2 scrolls of identify {unknown}
 j - a scroll of fog {unknown}
 k - a scroll of magic mapping {unknown}
Potions
 h - a potion of degeneration {unknown}
 l - a potion of curing {unknown}


   Skills:
 + Level 3.5 Fighting
 + Level 2.4 Long Blades
 + Level 4.6 Dodging
 - Level 1.5 Stealth
 - Level 2.4 Spellcasting


You couldn't memorise any spells.
You knew the following spells:

 Your Spells              Type           Power      Damage    Failure   Level
a - Foxfire               Conj/Fire      40%        2x1d6     7%          1
b - Conjure Flame         Conj/Fire      10%        6-21      21%         3
c - Inner Flame           Hex/Fire       10%        N/A       21%         3
d - Sticky Flame          Conj/Fire      10%        2d3       56%         4
e - Fireball              Conj/Fire      5%         3d5       88%         5
f - Apportation           Tloc           20%        N/A       7%          1
g - Corpse Rot            Necr/Air       N/A        N/A       11%         2
Your spell library was empty.

Dungeon Overview and Level Annotations

Branches:
Dungeon (6/15)
 Temple: D:4-7

Altars:
Ashenzari
Hepliaklqana


Innate Abilities, Weirdness & Mutations

You are a tree.
Your roots penetrate the ground, keeping you stationary.
You cannot be teleported.
You are immune to unholy pain and torment.
Your maximum health is greatly increased.
Your equipment is partially melded.
Your life essence is reduced to manifest your ancestor. (-10% HP)
You are immune to sickness and miasma.
You are immune to poison.
((Your flesh is very heat resistant. (rF++)))
((You are vulnerable to cold. (rC-)))
You float through the air rather than walking.
You learn spells naturally, not from books.
Your magical power is your life essence.
You have superior vitality. (+4 HP)


Message History

Your foxfire dissipates!
The foxfire hits the wight but does no damage.
The wight barely misses you.
You riposte.
You hit the wight but do no damage.
The wight is heavily damaged.
Balls barely misses the wight.
The wight closely misses Balls.
The wight barely misses you.
You riposte.
You hit the wight but do no damage.
The wight is heavily damaged.
There is a stone staircase leading down here.
Casting: Foxfire (safe; 7% risk of failure)
Press: ? - help, Q - select action, (/) - cycle Dir - look around, f - activate You miscast Foxfire.
Nothing appears to happen.
The wight hits you with a +0 short sword!
Balls closely misses the wight.
The scorpion stings Balls.
The wight closely misses Balls.
The wight hits you with a +0 flail!
* * * LOW HITPOINT WARNING * * *
Casting: Foxfire (safe; 7% risk of failure)
Press: ? - help, Q - select action, (/) - cycle Dir - look around, f - activate You conjure some foxfire!
* * * LOW HITPOINT WARNING * * *
Balls blocks the scorpion's attack.
The wight hits you but does no damage.
Balls hits the wight with a +0 flail!
The wight hits Balls with a +3 hand axe of freezing!
The wight freezes Balls.
The scorpion stings Balls.
The wight hits you with a +0 flail.
* * * LOW HITPOINT WARNING * * *
Found 7 sling bullets.
The foxfire hits the wight.
The wight is severely damaged.
The foxfire hits the wight but does no damage.
The wight is severely damaged.
Balls closely misses the wight.
The wight barely misses Balls.
The wight closely misses you.
You riposte.
You barely miss the wight.
The wight is severely damaged.
It was a potion of lignification.
You turn into a tree.
Your +0 robe melds into your body.
Your roots penetrate the ground.
Balls barely misses the wight.
The wight closely misses Balls.
The wight hits you with a +0 flail.
* * * LOW HITPOINT WARNING * * *
The wight hits you with a +0 short sword.
You die...

≈≈≈≈♣≈≈..#
≈≈≈≈≈≈.≈≈♣.#
≈≈≈≈≈≈≈≈...##
.P..♣.......
...........#
.........#)###...
.......§...z).....
........z.R.......
.......♣zs........
..................
..............#...
..............##..
(.............# ##
#######.......#
#.......#
#########


You could see the friendly Balls the knight, a scorpion and 3 wights.

Vanquished Creatures
  Terence (D:3)
  Jessica (D:3)
  A bullfrog skeleton (D:6)
  3 adders
  A shadow imp (D:6)
  A dart slug (D:1)
  2 orcs (D:3)
  3 ball pythons
  3 endoplasms
  2 giant cockroaches (D:1)
  2 hobgoblins
  5 jackals
  3 quokkas
  7 bats
  3 frilled lizards (D:1)
  3 goblins
  A kobold (D:1)
  5 rats
47 creatures vanquished.

Vanquished Creatures (collateral kills)
  A water moccasin skeleton (D:5)
  A wight (D:5)
  A hound (D:3)
  An adder (D:2)
  A giant cockroach (D:2)
  2 quokkas (D:2)
7 creatures vanquished.

Vanquished Creatures (others)
  212 foxfires
212 creatures vanquished.

Grand Total: 266 creatures vanquished

Notes
Turn   | Place    | Note
-------+----------+-------------------------------------------
     0 | D:1      | thromnambular the Djinni Fire Elementalist began the quest
                  | for the Orb.
     0 | D:1      | Reached XP level 1. HP: 15/15 MP: 0/0
   452 | D:1      | Reached XP level 2. HP: 19/22 MP: 0/0
   488 | D:1      | Reached skill level 1 in Fighting
   751 | D:1      | Found a faded altar of an unknown god.
   755 | D:1      | Became a worshipper of Hepliaklqana the Forgotten
   755 | D:1      | Reached * piety under Hepliaklqana
  1179 | D:1      | Reached skill level 3 in Dodging
  1179 | D:1      | Reached XP level 3. HP: 19/24 MP: 0/0
  1179 | D:1      | Learned a level 1 spell: Apportation
  2155 | D:2      | Reached XP level 4. HP: 19/29 MP: 0/0
  2562 | D:2      | Reached ** piety under Hepliaklqana
  2563 | D:2      | Remembered your ancestor Balls as a knight
  2633 | D:3      | Reached skill level 1 in Long Blades
  2743 | D:3      | Noticed Terence
  2752 | D:3      | Killed Terence
  2753 | D:3      | Reached XP level 5. HP: 28/35 MP: 0/0
  2753 | D:3      | Learned a level 2 spell: Corpse Rot
  2858 | D:3      | Reached skill level 4 in Dodging
  2944 | D:3      | Found a broken altar of Ashenzari.
  3344 | D:3      | Noticed Jessica
  3348 | D:3      | Killed Jessica
  3444 | D:3      | You are sucked into a shaft and drop 3 floors!
  3451 | D:6      | Reached XP level 6. HP: 33/41 MP: 0/0
  3545 | D:5      | Entered Level 5 of the Dungeon
  3568 | D:5      | HP: 3/61 [wight (2)]
  3568 | D:5      | Slain by a wight

Illustrated notes

Levels and vault maps discovered:
D:1:      minmay_arrival_plants_in_alcoves, layout_basic,
          shapermc_ecumenical_altar_mp_highgroup
D:2:      layout_rooms, minivault_25, minmay_between
D:3:      layout_basic, nicolae_ashenzari_skybound, serial_corexii_hall,
          chequers_hall_statues_wall_a, corexii_hall_statues_i,
          chequers_hall_statues_y, kennysheep_boxes, uniq_terence, uniq_sigmund,
          uniq_natasha, uniq_jessica
D:5:      layout_rooms, grunt_temple_overflow_open, temple_hall, serial_bayou,
          serial_bayou_pond_d, serial_bayou_crossing, serial_bayou_shore_b,
          serial_bayou_pond_b, gammafunk_ghost_grave, minmay_divided_ellipse
D:6:      layout_gridville, kennysheep_ying_yang,
          chequers_serial_rivers_micro_d, minmay_bent, uniq_grinder

Skill      XL: |  1  2  3  4  5 |
---------------+----------------+-----
Fighting       | 1 2 3 |  3.5
Dodging        | 3 4 |  4.6
Long Blades    | 1 2 |  2.4
Stealth        | |  1.5
Spellcasting   | |  2.4

Action                   |  1- 3 |  4- 6 || total
-------------------------+-------+-------++-------
Melee: Hand axe          |    17 |       ||    17
       Long sword        |     2 |     6 ||     8
Throw: Dart              |       |     1 ||     1
 Cast: Foxfire           |    65 |    66 ||   131
       Corpse Rot        |       |     1 ||     1
Invok: Ancestor Identity |     1 |       ||     1
       Ancestor Life: Kn |       |     1 ||     1
       Recall Ancestor   |       |     1 ||     1
  Use: Potion            |       |     1 ||     1
 Stab: Sleeping          |     1 |       ||     1
Armor: Robe              |     7 |     3 ||    10
Dodge: Dodged            |    19 |    13 ||    32
       Rpst.: Long sword |     1 |     8 ||     9
